 Dungeon Crawl Stone Soup version 0.24.0-5-g267a8d59f4 (webtiles) character file.

Game seed: 8536799094687571015, levelgen mode: deterministic

137712 Aviak the Warrior (level 16, 0/149 HPs)
             Began as a Pale Draconian Abyssal Knight on Oct 31, 2019.
             Was the Champion of Lugonu.
             Hit by a silver javelin thrown by a merfolk javelineer (2 damage)
             ... on level 4 of the Shoals on Nov 1, 2019.
             The game lasted 01:16:18 (36089 turns).

Aviak the Warrior (Pale Draconian Abyssal Knight)  Turns: 36089, Time: 01:16:19

Health: 0/149      AC: 12    Str: 15    XL:     16   Next: 69%
Magic:  23/23      EV: 27    Int: 13    God:    Lugonu [******]
Gold:   755        SH: 17    Dex: 17    Spells: 15/15 levels left

rFire    . . .     SeeInvis .   C - +3 trident (vamp) {!w}
rCold    + . .     Gourm    .   D - +0 shield
rNeg     . . .     Faith    .   (armour unavailable)
rPois    +         Spirit   .   g - +0 hat {MR+}
rElec    .         Reflect  +   j - +0 cloak of the Thistle {+Fly rPois MR- Dex-3}
rCorr    .         Harm     .   T - +0 pair of gloves of Qazlal's Vengeance {rC+ Dex+3}
MR       +....                  M - +0 pair of boots
Stlth    ++........             V - +4 amulet of reflection
HPRegen  0.34/turn              E - +5 ring of evasion
MPRegen  0.18/turn              w - +3 ring of slaying

@: short of breath, afraid, barbed spikes, very slightly contaminated
A: breathe steam, unfitting armour, cold-blooded, AC +9
a: Breathe Steam, Depart the Abyss, Bend Space, Banish, Corrupt, Enter the
Abyss, Brand Weapon With Distortion, Renounce Religion, Evoke Flight


You were on level 4 of the Shoals.
You worshipped Lugonu.
Lugonu was exalted by your worship.
You were hungry.

You visited 4 branches of the dungeon, and saw 27 of its levels.
You visited the Abyss 1 time.
You also visited: Gauntlet.

You collected 2851 gold pieces.
You spent 2096 gold pieces at shops.

Inventory:

Hand Weapons
 z - a +4 trident of protection
 C - a +3 vampiric trident (weapon) {!w}
Armour
 g - a +0 hat of magic resistance (worn)
 j - the +0 cloak of the Thistle (worn) {+Fly rPois MR- Dex-3}
   (You acquired it on level 6 of the Lair of Beasts)

   It affects your dexterity (-3).
   It protects you from poison.
   It affects your resistance to hostile enchantments.
   It lets you fly.
 A - a +1 cloak of magic resistance
 D - a +0 shield (worn)
 M - a +0 pair of boots (worn)
 T - the +0 pair of gloves of Qazlal's Vengeance (worn) {rC+ Dex+3}
   (You found it in a Gauntlet)

   It affects your dexterity (+3).
   It protects you from cold.
Jewellery
 q - the ring "Janephofydgh" {+Blink rCorr}
   (You bought it in a shop on level 2 of the Orcish Mines)

   [ring of resist corrosion]

   It lets you blink.
   It provides partial protection from all sources of acid and corrosion.
 w - a +3 ring of slaying (right hand)
 E - a +5 ring of evasion (left hand)
 F - an uncursed ring of protection from fire
 V - a +4 amulet of reflection (around neck)
 Z - an uncursed ring of see invisible
Wands
 a - a wand of enslavement (3)
 u - a wand of polymorph (8)
 I - a wand of acid (2)
 J - a wand of clouds (4)
 K - a wand of paralysis (30)
 L - a wand of iceblast (34)
 O - a wand of digging (23)
 P - a wand of flame (38)
Scrolls
 d - 4 scrolls of enchant weapon
 e - 3 scrolls of magic mapping
 i - 3 scrolls of identify
 n - 2 scrolls of immolation
 o - 2 scrolls of fog
 r - 8 scrolls of remove curse
 s - 3 scrolls of summoning {!r}
 t - 11 scrolls of teleportation
 x - 3 scrolls of blinking
 B - 4 scrolls of enchant armour
 R - 2 scrolls of brand weapon
 S - 2 scrolls of fear
 U - a scroll of silence {!r}
 X - a scroll of holy word
Potions
 c - 6 potions of curing
 f - 2 potions of haste
 h - 2 potions of heal wounds
 k - 3 potions of ambrosia
 l - 3 potions of cancellation
 m - a potion of resistance
 p - 3 potions of agility
 v - 4 potions of flight
 G - a potion of magic
 H - 6 potions of brilliance
 N - 3 potions of might
 Q - 2 potions of mutation {!q}
 W - 3 potions of berserk rage
 Y - 2 potions of invisibility
Comestibles
 b - 37 rations


   Skills:
 + Level 15.5 Fighting
 + Level 14.2 Polearms
 + Level 13.2 Dodging
 + Level 13.6 Shields
 - Level 10.0 Invocations
 + Level 8.9 Evocations


You had 15 spell levels left.
You didn't know any spells.
Your spell library contained the following spells:

 Spells                   Type           Power        Failure   Level  Hunger
 Corona                   Hex            #......      36%         1    ##.....
 Infusion                 Chrm           #...         36%         1    ##.....
 Shock                    Conj/Air       #...         36%         1    ##.....
 Corpse Rot               Necr           N/A          50%         2    ###....
 Ensorcelled Hibernation  Hex/Ice        #.....       50%         2    ###....
 Poisonous Vapours        Pois/Air       #.....       50%         2    ###....
 Shroud of Golubria       Chrm/Tloc      #.....       50%         2    ###....
 Song of Slaying          Chrm           #.......     50%         2    ###....
 Swiftness                Chrm/Air       #.......     50%         2    ###....
 Confuse                  Hex            #.......     73%         3    ####...
 Conjure Flame            Conj/Fire      #.......     73%         3    ####...
 Dazzling Spray           Conj/Hex       #.....       73%         3    ####...
 Mephitic Cloud           Conj/Pois/Air  #.......     73%         3    ####...
 Regeneration             Chrm/Necr      #.........   73%         3    ####...
 Spectral Weapon          Hex/Chrm       #.......     73%         3    ####...
 Static Discharge         Conj/Air       #.......     73%         3    ####...
 Stone Arrow              Conj/Erth      #.....       73%         3    ####...
 Tukima's Dance           Hex            #.......     73%         3    ####...
 Airstrike                Air            #.........   98%         4    #####..
 Leda's Liquefaction      Hex/Erth       #.........   98%         4    #####..
 Irradiate                Conj/Tmut      #.........   100%        5    ######.
 Lightning Bolt           Conj/Air       #.........   100%        5    ######.
 Summon Forest            Summ/Tloc      #.........   100%        5    ######.
 Freezing Cloud           Conj/Ice/Air   #.........   100%        6    #######
 Hydra Form               Tmut           #.........   100%        6    #######
 Statue Form              Tmut/Erth      #........    100%        6    #######
 Dragon Form              Tmut           #.........   100%        7    #######
 Ring of Flames           Chrm/Fire      #.........   100%        7    #######
 Summon Hydra             Summ           #.........   100%        7    #######


Dungeon Overview and Level Annotations

Branches:
Dungeon (15/15)            Temple (0/1) D:5            Lair (6/6) D:8
 Shoals (4/4) Lair:3        Snake (0/4) Lair:2        Slime (0/5) Lair:5
    Orc (2/2) D:9             Elf (0/3) Orc:2        Vaults (0/5) D:14
 Depths (0/5) D:15        Gauntlet (visited)

Altars:
Ashenzari
Cheibriados
Elyvilon
Fedhas
Hepliaklqana
Kikubaaqudgha
Makhleb
Nemelex Xobeh
Qazlal
Trog
Uskayaw
Zin

Shops:
D:4 !   D:8 (   D:10 !   Orc:1 }   Orc:2 :!:*   Shoals:1 :(

Portals:
Trove: D:11 (give 6 scrolls of blinking)

Annotations:
Lair:5 exclusion: oklob plant
Shoals:2 1 transporter, Eddaez Biosh's ghost, journeyman HOFi
Abyss:1 Fannar, Pikel, Urug


Innate Abilities, Weirdness & Mutations

You can breathe blasts of scalding, opaque steam.
Your pale cyan-grey scales are hard. (AC +9)
You cannot fit into any form of body armour.
You are cold-blooded and may be slowed by cold attacks.


Message History

* * * LOW HITPOINT WARNING * * *
You block the merfolk javelineer's attack.
Okay, then.
Blink to where?
Press: ? - help, Dir - move target cursor You are very lightly contaminated with residual magic.
As you read the scroll of blinking, it crumbles to dust.
Lugonu accepts your kill.
You hear a splash. x3
You feel a bit more experienced.
The merfolk javelineer throws a silver javelin.
The silver javelin pierces through you.
* * * LOW HITPOINT WARNING * * *
* * * LOW HITPOINT WARNING * * *
The satyr shoots a sling bullet.
The sling bullet closely misses you.
The barbs in your skin will harm you if you move.
Continue?
The merfolk javelineer throws a silver javelin.
The silver javelin pierces through you!
* * * LOW HITPOINT WARNING * * *
You die...

≈m≈§§§≈m≈≈≈≈......
≈.≈≈§≈)§≈m≈≈......
≈≈..§m§mmmc.......
≈≈.m≈m≈§≈≈≈.......
≈≈m≈≈.≈≈≈≈........
≈≈≈≈.##m≈≈≈.####. .
≈≈≈.##....[.# .≈≈
..≈...)(....####..≈≈
..≈....(.@.....(..≈≈
...≈.....(.....≈≈≈≈≈
.≈......##..≈≈≈≈≈≈≈
.≈≈........≈≈≈≈≈≈≈≈
≈≈≈..#....≈≈≈≈≈≈≈≈≈
≈≈≈.##....≈≈≈≈≈≈≈≈≈
≈≈≈.......≈≈≈≈≈≈≈≈≈
≈≈≈≈≈≈....≈≈≈≈≈≈≈≈≈
≈≈≈≈..≈..≈≈≈≈≈≈≈≈≈


You could see a merfolk avatar, a merfolk impaler, 2 merfolk javelineers, a
satyr, 2 merfolk and a merfolk siren.

Vanquished Creatures
  A kraken (Shoals:2)
  The ghost of grouchysmurf the Severer, a journeyman HOBe of Trog (D:12)
  A stone giant (Orc:1)
  A dire elephant (D:15)
  2 merfolk javelineers
  7 merfolk impalers
  An ogre mage (D:15)
  8 vault guards
  6 hydras
  A rakshasa (D:15)
  2 catoblepae
  3 merfolk avatars
  3 merfolk aquamancers
  A satyr (Shoals:4)
  8 two-headed ogres
  A death knight (D:12)
  8 death yaks
  4 orc high priests (Orc:2)
  A skeletal warrior (D:12)
  8 sea snakes
  3 unseen horrors
  A wizard (D:11)
  8 harpies
  3 orc knights
  14 fauns
  A wolf spider (D:15)
  3 orc sorcerers
  8 ugly things
  2 deep elf magi
  4 cyclopes
  6 manticores
  A spectral centaur (D:12)
  2 slime creatures (D:14)
  A salamander (D:15)
  2 centaur zombies
  A black mamba (Lair:2)
  6 merfolk sirens
  9 elephants
  3 gargoyles
  3 water nymphs
  A torpor snail (Lair:6)
  10 spiny frogs
  2 yaktaurs (D:15)
  4 rime drakes
  A freezing wraith (D:12)
  8 komodo dragons
  A kobold demonologist (D:11)
  A redback zombie (D:12)
  2 queen bees
  6 polar bears
  19 merfolk
  A jumping spider (shapeshifter) (D:15)
  8 trolls
  3 wind drakes
  3 meliai (D:14)
  4 hornets
  Prince Ribbit (D:5)
  16 blink frogs
  3 snapping turtles
  9 hippogriffs
  A meliai zombie (D:10)
  6 dream sheep
  13 spriggans (Lair:6)
  3 wraiths
  13 water elementals
  8 shadows
  2 wyverns
  30 yaks
  8 basilisks
  3 chaos spawn (Gauntlet)
  A hungry ghost (D:12)
  9 vampire mosquitoes
  3 wargs
  Edmund (D:5)
  8 water moccasins
  An acid dragon (D:14)
  8 porcupines
  3 ice beasts
  6 black bears
  A slave (D:5)
  24 orc warriors
  An eye of draining (D:15)
  12 ogres
  3 phantoms
  4 sky beasts
  A necrophage (D:5)
  4 boggarts (Lair:6)
  28 wolves
  12 crocodiles
  12 centaurs
  A big kobold (D:13)
  17 bullfrogs
  2 gnoll sergeants
  2 wyvern skeletons
  A scorpion (D:11)
  4 wights (D:9)
  42 killer bees
  5 howler monkeys
  An electric eel (Lair:3)
  6 crimson imps
  A bullfrog zombie (D:13)
  A quasit (D:5)
  7 bullfrog skeletons
  4 gnoll shamans
  6 hounds
  6 jellies
  38 orc priests
  A centaur skeleton (D:7)
  3 iguanas
  31 orc wizards
  7 worker ants
  A hound zombie (D:4)
  2 hound skeletons
  2 worker ant zombies
  43 gnolls
  12 adders
  4 shadow imps
  A worker ant simulacrum (D:11)
  2 worms
  A dart slug (D:2)
  6 leopard geckos
  91 orcs
  6 bats
  5 giant cockroaches
  9 goblins
  9 hobgoblins
  21 jackals
  A quokka (D:2)
  4 frilled lizards
  13 kobolds
  A quokka skeleton (D:5)
  3 rats
  A fungus (Lair:5)
  A plant (D:8)
  2 tentacles (Shoals:2)
908 creatures vanquished.

Vanquished Creatures (others)
  A yaktaur captain (D:11)
  A satyr (Shoals:2)
  An orc knight (D:11)
  3 manticores
  2 fauns (Shoals:2)
  An ugly thing (D:11)
  A cyclops (Shoals:3)
  A moth of wrath (Shoals:2)
  An elephant (Lair:2)
  A minotaur zombie (Gauntlet)
  A snapping turtle (Shoals:2)
  A hornet (Lair:6)
  A neqoxec (Gauntlet)
  2 slaves (D:5)
  5 centaurs
  A hound skeleton (D:5)
  A worker ant zombie (D:11)
  2 orcs
  5 fungi
  18 plants
  5 tentacles (Shoals:2)
55 creatures vanquished.

Grand Total: 963 creatures vanquished

Notes
Turn   | Place    | Note
-------+----------+-------------------------------------------
     0 | Abyss:1  | Aviak the Draconian Abyssal Knight began the quest for the
                  | Orb.
     0 | Abyss:1  | Reached XP level 1. HP: 19/19 MP: 2/2
    33 | Abyss:1  | Found a shimmering altar of Xom.
    55 | D:1      | Escaped the Abyss
   205 | D:1      | Reached XP level 2. HP: 26/26 MP: 3/3
   310 | D:1      | Reached ** piety under Lugonu
   731 | D:2      | Reached XP level 3. HP: 31/31 MP: 4/4
  1160 | D:2      | Found a stormy altar of Qazlal.
  1644 | D:3      | Reached XP level 4. HP: 35/40 MP: 6/6
  1648 | D:3      | Reached skill level 4 in Fighting
  2020 | D:3      | Reached *** piety under Lugonu
  2038 | D:3      | Found a glowing silver altar of Zin.
  2331 | D:3      | Reached XP level 5. HP: 35/46 MP: 7/7
  2897 | D:4      | Noticed an ogre
  2930 | D:4      | Killed an ogre
  2930 | D:4      | Reached XP level 6. HP: 4/53 MP: 8/8
  3588 | D:4      | Reached **** piety under Lugonu
  3588 | D:4      | Reached skill level 5 in Fighting
  3609 | D:4      | Found a sparkling altar of Nemelex Xobeh.
  4081 | D:4      | Your scales start taking on a pale cyan-grey colour.
  4081 | D:4      | Reached XP level 7. HP: 40/61 MP: 10/10
  4289 | D:4      | Found Sysas's Distillery.
  4297 | D:4      | Bought a potion of curing for 33 gold pieces
  4297 | D:4      | Bought a potion of lignification for 33 gold pieces
  4297 | D:4      | Bought a potion of flight for 33 gold pieces
  4644 | D:4      | Reached skill level 5 in Invocations
  4769 | D:4      | Reached ***** piety under Lugonu
  5034 | D:5      | Entered Level 5 of the Dungeon
  5085 | D:5      | Reached skill level 6 in Fighting
  5098 | D:5      | Noticed Prince Ribbit
  5104 | D:5      | Killed Prince Ribbit
  5104 | D:5      | Reached skill level 5 in Polearms
  5104 | D:5      | Reached skill level 1 in Shields
  5104 | D:5      | Reached XP level 8. HP: 57/70 MP: 10/12
  5118 | D:5      | Noticed Pikel
  5122 | D:5      | Banished Pikel
  5122 | D:5      | Reached skill level 5 in Dodging
  5483 | D:5      | Found a staircase to the Ecumenical Temple.
  5515 | D:5      | Noticed Edmund
  5556 | D:5      | Killed Edmund
  5556 | D:5      | Reached skill level 7 in Fighting
  5636 | D:5      | Reached XP level 9. HP: 68/79 MP: 13/13
  5780 | D:5      | Found a blossoming altar of Fedhas.
  5783 | D:5      | Found a hazy altar of Hepliaklqana.
  6836 | D:7      | Found a hide-covered altar of Uskayaw.
  7084 | D:7      | Found a snail-covered altar of Cheibriados.
  7417 | D:8      | Found Zaol's Antique Weapon Shoppe.
  7550 | D:8      | Found a staircase to the Lair.
  7550 | D:8      | Noticed a komodo dragon
  7871 | D:8      | Killed a komodo dragon
  8040 | D:9      | Noticed a troll
  8048 | D:9      | Killed a troll
  8048 | D:9      | Reached skill level 8 in Fighting
  8139 | D:9      | Found a bloodstained altar of Trog.
  8158 | D:9      | Reached XP level 10. HP: 76/88 MP: 15/15
  8396 | D:9      | Reached skill level 5 in Shields
  8518 | D:9      | Found a staircase to the Orcish Mines.
  8540 | D:9      | Found a shattered altar of Ashenzari.
  8853 | D:10     | Entered Level 10 of the Dungeon
  8857 | D:10     | Got a pair of jewelled gloves
  8868 | D:10     | Identified the +0 pair of gloves "Kuvul" {rCorr Str+4} (You
                  | found it on level 10 of the Dungeon)
  9114 | D:10     | Reached ****** piety under Lugonu
  9185 | D:10     | Found Qoxihyps's Distillery.
  9194 | D:10     | Bought a potion of might for 52 gold pieces
  9194 | D:10     | Bought a potion of heal wounds for 65 gold pieces
  9194 | D:10     | Bought a potion of curing for 39 gold pieces
  9194 | D:10     | Bought a potion of heal wounds for 65 gold pieces
  9194 | D:10     | Bought a potion of agility for 52 gold pieces
  9420 | D:10     | Found an ancient bone altar of Kikubaaqudgha.
  9504 | D:10     | Noticed a two-headed ogre
  9515 | D:10     | Killed a two-headed ogre
  9685 | D:11     | Found a white marble altar of Elyvilon.
  9708 | D:11     | Noticed a purple ugly thing
  9709 | D:11     | Found a gate leading to a gauntlet.
  9739 | Gauntlet | Entered a Gauntlet
  9739 | Gauntlet | Found a transporter.
  9748 | Gauntlet | Found a transporter.
  9750 | Gauntlet | Found a transporter.
  9758 | Gauntlet | Found a transporter.
  9760 | Gauntlet | Found a transporter.
  9774 | Gauntlet | Found a transporter.
  9785 | Gauntlet | Found a transporter.
  9788 | Gauntlet | Noticed a spectral death yak
  9795 | Gauntlet | Found a transporter.
  9798 | Gauntlet | Noticed a hell beast
  9805 | Gauntlet | Found a transporter.
  9817 | Gauntlet | Found a transporter.
  9817 | Gauntlet | Found a transporter.
  9829 | Gauntlet | Noticed a death scarab
  9834 | Gauntlet | Found a transporter.
  9838 | Gauntlet | Noticed a death scarab
  9852 | Gauntlet | Found a transporter.
  9852 | Gauntlet | Found a transporter.
  9852 | Gauntlet | Noticed an elephant
  9852 | Gauntlet | Noticed an elephant
  9853 | Gauntlet | Noticed an elephant
  9854 | Gauntlet | Noticed a torpor snail
  9854 | Gauntlet | Noticed an elephant
  9854 | Gauntlet | Noticed an elephant
  9854 | Gauntlet | Noticed an elephant
  9929 | Gauntlet | Reached skill level 9 in Fighting
 10224 | Gauntlet | Reached XP level 11. HP: 59/97 MP: 17/17
 10243 | Gauntlet | Got a pair of scorched gloves
 10254 | Gauntlet | Identified the +0 pair of gloves "Qeheamol" {MP+9 Int+5
                  | Dex+2 SInv} (You found it in a Gauntlet)
 10278 | Gauntlet | Noticed a minotaur
 10289 | Gauntlet | Banished a minotaur
 10308 | Gauntlet | Got a pair of translucent gloves
 10319 | Gauntlet | Identified the +0 pair of gloves of Qazlal's Vengeance {rC+
                  | Dex+3} (You found it in a Gauntlet)
 10507 | D:11     | Found a portal to a secret trove of treasure.
 10983 | D:11     | Noticed an orc knight
 10983 | D:11     | Noticed a wizard
 10988 | D:11     | Banished an orc knight
 10997 | D:11     | Killed a wizard
 11112 | D:11     | Killed an unseen horror
 11333 | D:11     | Noticed a deep elf mage
 11341 | D:11     | Killed a deep elf mage
 11401 | D:11     | Noticed a red ugly thing
 11404 | D:11     | Noticed a brown ugly thing
 11415 | D:11     | Killed a red ugly thing
 11415 | D:11     | Reached skill level 10 in Fighting
 11420 | D:11     | Banished a brown ugly thing
 11684 | D:11     | Noticed a yaktaur captain
 11691 | D:11     | Banished a yaktaur captain
 12169 | Lair:1   | Entered Level 1 of the Lair of Beasts
 12223 | Lair:1   | Reached skill level 10 in Invocations
 12788 | Lair:1   | Reached XP level 12. HP: 106/107 MP: 19/19
 12836 | Lair:1   | Noticed Fannar
 12872 | Lair:1   | Banished Fannar
 13421 | Lair:1   | Noticed a five-headed hydra
 13431 | Lair:1   | Killed a five-headed hydra
 13966 | Lair:2   | Noticed a seven-headed hydra
 13979 | Lair:2   | Killed a seven-headed hydra
 13979 | Lair:2   | Reached skill level 11 in Fighting
 13979 | Lair:2   | Reached skill level 10 in Polearms
 14260 | Lair:2   | Found a staircase to the Snake Pit.
 15113 | Lair:3   | Noticed a catoblepas
 15137 | Lair:3   | Killed a catoblepas
 15615 | Lair:3   | Found a staircase to the Shoals.
 16426 | Lair:4   | Noticed a four-headed hydra
 16436 | Lair:4   | Killed a four-headed hydra
 16436 | Lair:4   | Reached skill level 10 in Dodging
 16436 | Lair:4   | Reached XP level 13. HP: 115/117 MP: 20/20
 16548 | Lair:4   | Noticed Urug
 16558 | Lair:4   | Banished Urug
 17048 | Lair:4   | Reached skill level 12 in Fighting
 17250 | Lair:5   | Reached skill level 10 in Shields
 17996 | Lair:5   | Found a staircase to the Slime Pits.
 18197 | Lair:6   | Entered Level 6 of the Lair of Beasts
 19709 | Lair:6   | Reached skill level 13 in Fighting
 19717 | Lair:6   | Reached XP level 14. HP: 121/129 MP: 21/21
 20803 | Lair:6   | Identified a scroll of acquirement
 20806 | Lair:6   | Got a scorched cloak
 20817 | Lair:6   | Identified the +0 cloak of the Thistle {+Fly rPois MR-
                  | Dex-3} (You acquired it on level 6 of the Lair of Beasts)
 20823 | Lair:6   | Upgraded the game from 0.24.0-2-g5b39cebb1c to
                  | 0.24.0-5-g267a8d59f4
 20975 | Orc:1    | Entered Level 1 of the Orcish Mines
 20977 | Orc:1    | Found Avuhev's Gadget Shoppe.
 21007 | Orc:1    | Bought a wand of clouds (7) for 462 gold pieces
 21025 | Orc:2    | Entered Level 2 of the Orcish Mines
 21125 | Orc:2    | Paralysed by an orc sorcerer for 3 turns
 21524 | Orc:2    | Found a staircase to the Elven Halls.
 21601 | Orc:2    | Reached skill level 1 in Evocations
 22867 | Orc:2    | Found Qieghoaj's Assorted Antiques.
 22867 | Orc:2    | Found Haemp's Book Emporium.
 22867 | Orc:2    | Found Qinnu's Book Shoppe.
 22870 | Orc:2    | Found Anetsam's Distillery.
 22890 | Orc:2    | Bought 2 potions of might for 240 gold pieces
 22890 | Orc:2    | Bought a scroll labeled TIQENU KETREUZ for 30 gold pieces
 22890 | Orc:2    | Bought a pink potion for 27 gold pieces
 22890 | Orc:2    | Bought a potion of curing for 90 gold pieces
 22890 | Orc:2    | Bought a scroll of teleportation for 90 gold pieces
 22890 | Orc:2    | Bought a glowing trident for 195 gold pieces
 22890 | Orc:2    | Bought a twitching amber ring for 150 gold pieces
 22891 | Orc:2    | Bought a potion of might for 40 gold pieces
 22891 | Orc:2    | Bought 2 potions of heal wounds for 100 gold pieces
 22891 | Orc:2    | Bought a potion of curing for 30 gold pieces
 22898 | Orc:2    | Identified the ring "Janephofydgh" {+Blink rCorr} (You
                  | bought it in a shop on level 2 of the Orcish Mines)
 23088 | Orc:2    | Paralysed by an orc sorcerer for 6 turns
 23315 | Orc:1    | Noticed a stone giant
 23324 | Orc:1    | Killed a stone giant
 23705 | Orc:1    | Found a burning altar of Makhleb.
 23887 | Orc:2    | Bought a potion of might for 40 gold pieces
 23887 | Orc:2    | Bought a potion of curing for 30 gold pieces
 23887 | Orc:2    | Bought a potion of haste for 100 gold pieces
 23887 | Orc:2    | Bought 2 potions of berserk rage for 100 gold pieces
 24201 | D:12     | Noticed grouchysmurf's ghost (journeyman HOBe)
 24202 | D:12     | Found a transporter.
 24343 | D:12     | Found a transporter.
 24605 | D:12     | Killed grouchysmurf's ghost
 25289 | D:12     | Reached skill level 14 in Fighting
 25337 | D:12     | Reached XP level 15. HP: 138/138 MP: 22/22
 26228 | D:14     | Reached skill level 5 in Evocations
 26948 | D:14     | Found a gate to the Vaults.
 28233 | D:15     | Entered Level 15 of the Dungeon
 28855 | D:15     | Found a staircase to the Depths.
 29328 | D:15     | Identified the cursed +2 falchion "Geytypnu" {elec, Int+6
                  | Dex+3}
 30214 | Shoals:1 | Entered Level 1 of the Shoals
 30642 | Shoals:1 | Found Irhemeo's Book Emporium.
 31181 | Shoals:1 | Found Juntus's Weapon Shop.
 31733 | Shoals:2 | Reached XP level 16. HP: 37/147 MP: 23/23
 32098 | Shoals:2 | Noticed a kraken
 32116 | Shoals:2 | Killed a kraken
 32412 | Shoals:2 | Reached skill level 15 in Fighting
 33348 | Shoals:2 | Identified the +9 trident "Demonslayer" {elec, MP-9 Str+6
                  | Dex+9}
 33362 | Shoals:2 | Identified the +6 trident "Sejuub" {elec, Str+4}
 33375 | Shoals:2 | Found a bloodstained altar of Trog.
 33562 | Shoals:2 | Noticed Eddaez Biosh's ghost (journeyman HOFi)
 33583 | Shoals:2 | Found a transporter.
 33588 | Shoals:2 | Found a transporter.
 33602 | Shoals:2 | HP: 4/149 [merfolk impaler/the +6 trident "Sejuub" {elec,
                  | Str+4} (15)]
 36005 | Shoals:4 | Entered Level 4 of the Shoals
 36089 | Shoals:4 | HP: 2/149 [merfolk javelineer/silver javelin (7)]
 36089 | Shoals:4 | Hit by a silver javelin thrown by a merfolk javelineer

Levels and vault maps discovered:
D:1:      lightli_arrival_flooded_house, layout_basic
D:2:      layout_basic, grunt_qazlal_clouds
D:3:      layout_loops_cross, nicolae_overflow_hidden_temple
D:4:      lemuel_castle_with_subvaults [lemuel_castle_interior_carwin_2],
          layout_cave_pools, serial_shops, shop_statue, first_ration,
          nemelex_spade_bored_becter
D:5:      layout_basic, gammafunk_temple_overflow_pools, temple_green,
          uniq_pikel, uniq_prince_ribbit1, uniq_edmund
D:6:      layout_loops_ring
D:7:      layout_loops_ring, kennysheep_mini, eat_drink_and_be_merry_uskayaw
D:8:      layout_loops_ring, david_lair_shrubbed, serial_shops, shop
D:9:      layout_gridville, cheibrodos_ashenzari_chains, orc_0_dummy,
          basic_altar
D:10:     layout_irregular_city, basic_altar, serial_shops,
          nicolae_shop_statue_plus, serial_column_ruins,
          column_ruins_square_small, column_ruins_hut_water,
          column_ruins_grid_4, column_ruins_open_tiny,
          column_ruins_columns_corner, column_ruins_open_small,
          column_ruins_open_small, column_ruins_open_tiny,
          column_ruins_columns_straight
D:11:     minmay_the_grid_3x2 [minmay_the_grid_zigzags,
          minmay_the_grid_small_cups, minmay_the_grid_all_tris,
          minmay_the_grid_holed_spiral, minmay_the_grid_eight,
          minmay_the_grid_prize_big_room], layout_grid_maze,
          gauntlet_entry_generic, nicolae_trove_entry_free_sample,
          hangedman_fish_farm, elyvilon_altar_4
D:12:     layout_loops_corners, gammafunk_ghost_mausoleum,
          hangedman_decor_opposing
D:13:     layout_stronghold
D:14:     layout_roguey, erik_vaults_2, nicolae_sextant
D:15:     hangedman_depths_entry_try_elsewhere_first, layout_loops_ring,
          chequers_garden
Lair:1:   layout_regular_city, beast_lair_carwin_7, grunt_megastairs_4,
          uniq_fannar
Lair:2:   layout_roguey [special_room_bee], dummy_snake_entry,
          grunt_megastairs_2
Lair:3:   layout_gridlike, elwin_shoals_entry_rocks,
          chequers_serial_rivers_micro_c, serial_bayou_pond_b, minivault_24,
          grunt_megastairs_3, infiniplex_staircase_pool_2, serial_bayou_shore_b
Lair:4:   layout_regular_city, mumra_transporter_accident, uniq_urug
Lair:5:   layout_cave_pods, minmay_slime_entry_oklob_enclosed
Lair:6:   minmay_lair_end_enchanted_forest, layout_hall_layers, minivault_27,
          chequers_serial_rivers_large_a, grunt_megastairs_5
Shoals:1: layout_shoals, serial_shops, shop, shop
Shoals:2: layout_shoals, gammafunk_ghost_wrathful_warriors
Shoals:3: layout_shoals
Shoals:4: shoals_end_grunt_garden, layout_shoals, uniq_nikola, uniq_roxanne
Orc:1:    layout_diamond_mine, serial_shops,
          nicolae_shop_temple_entry_statues_fountains, david_defended_altar_orc
Orc:2:    st_orc_mages, layout_diamond_mine

Skill      XL: |  1  2  3  4  5  6  7  8  9 10 11 12 13 14 15 16 |
---------------+-------------------------------------------------+-----
Fighting       | 4 5 6 7 8 9 10 11 13 14 15 | 15.5
Invocations    | 3 4 5 6 7 8 10 | 10.0
Polearms       | 3 4 5 7 8 9 10 11 12 13 14 | 14.2
Dodging        | 3 4 5 6 7 8 10 11 12 13 | 13.2
Shields        | 1 3 4 6 7 9 10 12 13 | 13.6
Evocations     | 4 7 8 |  8.9

Action                   |  1- 3 |  4- 6 |  7- 9 | 10-12 | 13-15 | 16-18 || total
-------------------------+-------+-------+-------+-------+-------+-------++-------
Melee: Spear             |   161 |   307 |   297 |       |       |       ||   765
       Tailslap          |    18 |    46 |    49 |   120 |   297 |    44 ||   574
       Halberd           |       |    22 |    50 |       |       |       ||    72
       Trident           |       |       |   139 |   882 |  2006 |   499 ||  3526
Invok: Banish            |       |       |     1 |     9 |     2 |     9 ||    21
 Abil: Breathe Steam     |       |       |    32 |    54 |   109 |    27 ||   222
Evoke: Wand              |       |       |       |     2 |     2 |    15 ||    19
  Use: Scroll            |     2 |     2 |     4 |     7 |    16 |     8 ||    39
       Potion            |     2 |     1 |       |     9 |     3 |     9 ||    24
 Stab: Sleeping          |     3 |     1 |     4 |    11 |     3 |       ||    22
       Distracted        |       |       |       |     1 |       |       ||     1
       Petrified         |       |       |       |       |     2 |       ||     2
  Eat: Chunk             |     2 |     9 |    17 |    29 |    46 |     7 ||   110
       Ration            |       |       |       |     2 |     5 |     4 ||    11
Armor: Skin              |    33 |   102 |    73 |   108 |   146 |    37 ||   499
Dodge: Dodged            |    74 |   219 |   250 |   505 |   757 |   315 ||  2120
Block: Buckler           |       |       |    93 |   138 |       |       ||   231
       Shield            |       |       |       |   274 |  1049 |   346 ||  1669
       Reflection        |       |       |       |     1 |    64 |    50 ||   115
